 Dungeon Crawl Stone Soup version 0.23.1-42-g8abd8fc (webtiles) character file.

Game seed: 17171088527304026255

335 cklessthan3 the Cudgeler (level 6, 0/56 HPs)
             Began as a Minotaur Berserker on Mar 30, 2019.
             Was a Believer of Trog.
             Slain by an orc
             ... wielding a +0 mace
              (4 damage)
             ... on level 4 of the Dungeon.
             The game lasted 00:14:24 (2333 turns).

cklessthan3 the Cudgeler (Minotaur Berserker)       Turns: 2333, Time: 00:14:26

Health: 0/56       AC:  5    Str: 23    XL:     6   Next: 28%
Magic:  5/5        EV: 12    Int:  4    God:    Trog [**....]
Gold:   193        SH:  0    Dex: 10    Spells: 5/5 levels left

rFire    . . .     SeeInvis +   a - +0 mace
rCold    . . .     Gourm    .   (no shield)
rNeg     . . .     Faith    .   u - +0 ring mail
rPois    .         Spirit   .   (helmet restricted)
rElec    .         Reflect  .   (no cloak)
rCorr    .         Harm     .   (no gloves)
MR       .....                  (no boots)
Stlth    +.........             (no amulet)
HPRegen  0.18/turn              g - ring of see invisible
MPRegen  0.09/turn              (no ring)

@: flying
A: retaliatory headbutt, horns 2
a: Berserk, Trog's Hand, Renounce Religion


You were on level 4 of the Dungeon.
You worshipped Trog.
Trog was pleased with you.
You were not hungry.

You visited 1 branch of the dungeon, and saw 4 of its levels.

You collected 193 gold pieces.

Inventory:

Hand Weapons
 a - a +0 mace (weapon)
Armour
 b - a +0 animal skin
 l - a +0 leather armour
 u - a +0 ring mail (worn)
Jewellery
 g - a ring of see invisible (left hand)
 t - an uncursed amulet of harm {unknown}
Wands
 v - a wand of digging (8)
Scrolls
 d - a scroll of noise {unknown}
 e - 3 scrolls of identify
 f - a scroll of amnesia {unknown}
 h - a scroll of immolation {unknown}
 j - a scroll of blinking {unknown}
 n - 2 scrolls of fear {unknown}
 o - a scroll of fog {unknown}
 p - 2 scrolls of remove curse {unknown}
 r - a scroll of enchant weapon {unknown}
 s - a scroll of magic mapping {unknown}
 x - a scroll of teleportation {unknown}
Potions
 i - a potion of haste {unknown}
 k - a potion of flight
 m - a potion of curing {unknown}
 q - a potion of heal wounds {unknown}
 w - a potion of might {unknown}
Comestibles
 c - 7 rations


   Skills:
 + Level 5.6 Fighting
 + Level 6.2 Maces & Flails
 + Level 3.0 Armour
 + Level 3.6 Dodging
 + Level 0.4 Stealth


You had 5 spell levels left.
You didn't know any spells.
Your spell library was empty.

Dungeon Overview and Level Annotations

Branches:
Dungeon (4/15)
 Temple: D:4-7

Altars:
Dithmenos
Kikubaaqudgha
Nemelex Xobeh
Okawaru
Ru
Vehumet


Innate Abilities, Weirdness & Mutations

You reflexively headbutt those who attack you in melee.
You have a pair of horns on your head.


Message History

* * * LOW HITPOINT WARNING * * *
The orc wizard hits you but does no damage.
The orc hits you but does no damage.
The orc wizard hits you with a +0 dagger.
* * * LOW HITPOINT WARNING * * *
The orc wizard points at you and mumbles some strange words.
The magic dart hits you.
* * * LOW HITPOINT WARNING * * *
You closely miss the orc wizard.
The orc wizard casts a cantrip, but nothing happens.
The orc wizard hits you but does no damage.
The orc wizard completely misses you. The orc closely misses you.
The orc wizard hits you but does no damage.
You closely miss the orc wizard. The orc wizard closely misses you.
The orc wizard hits you but does no damage. x2
The orc wizard closely misses you. You furiously retaliate!
You headbutt the orc wizard! The orc wizard barely misses you.
You furiously retaliate!
You headbutt the orc wizard. The orc hits you with a +0 mace.
You die...

#.....###.P..###
#.....##P_.⌠.'.#
##.....###....#.#
###....#####_...#.#
#...##.#....#..##.#
..##########.#.........#.P##.#
........<..)..............†..#
####....###....o.[.....#######
........###....o@....###
...............oo......#
.......................#
.........###..........##
........###...........#
....#.................#
.....#..8..#......## #..
##...##......## ...
######.......#


You could see 3 orc wizards and an orc.

Vanquished Creatures
  A crimson imp (D:3)
  An orc priest (D:3)
  An orc wizard (D:4)
  Jessica (D:2)
  An iguana (D:4)
  2 worker ants (D:4)
  4 adders
  3 gnolls (D:2)
  An ooze (D:1)
  A worm (D:3)
  A dart slug (D:2)
  A leopard gecko (D:1)
  9 orcs
  5 bats
  3 giant cockroaches
  7 hobgoblins
  2 jackals (D:2)
  10 kobolds
  2 quokkas
  A ball python (D:3)
  2 frilled lizards
  5 goblins
  3 rats
67 creatures vanquished.

Notes
Turn   | Place    | Note
-------+----------+-------------------------------------------
     0 | D:1      | cklessthan3 the Minotaur Berserker began the quest for the
                  | Orb.
     0 | D:1      | Reached XP level 1. HP: 19/19 MP: 0/0
    76 | D:1      | Reached skill level 4 in Maces & Flails
    76 | D:1      | Reached XP level 2. HP: 22/27 MP: 1/1
   501 | D:2      | Reached XP level 3. HP: 29/33 MP: 2/2
   590 | D:2      | Found an ancient bone altar of Kikubaaqudgha.
   607 | D:2      | Noticed Jessica
   613 | D:2      | Killed Jessica
   638 | D:2      | Reached XP level 4. HP: 39/41 MP: 3/3
   642 | D:2      | Reached ** piety under Trog
   890 | D:2      | Reached skill level 5 in Fighting
  1074 | D:2      | Found a radiant altar of Vehumet.
  1201 | D:2      | Found a faded altar of an unknown god.
  1274 | D:2      | Reached skill level 5 in Maces & Flails
  1456 | D:3      | Reached XP level 5. HP: 48/48 MP: 4/4
  2117 | D:3      | Found a sparkling altar of Nemelex Xobeh.
  2215 | D:4      | Reached skill level 6 in Maces & Flails
  2234 | D:4      | Found an iron altar of Okawaru.
  2234 | D:4      | Found a shadowy altar of Dithmenos.
  2237 | D:4      | Found a sacrificial altar of Ru.
  2247 | D:4      | Reached XP level 6. HP: 41/56 MP: 5/5
  2333 | D:4      | Slain by an orc

Skill      XL: |  1  2  3  4  5  6 |
---------------+-------------------+-----
Maces & Flails | 4 5 6 |  6.2
Fighting       | 4 5 |  5.6
Dodging        | 3 |  3.6
Armour         | 3 |  3.0
Stealth        | |  0.4

Action                   |  1- 3 |  4- 6 || total
-------------------------+-------+-------++-------
Melee: Mace              |    40 |   115 ||   155
       Headbutt          |     6 |    14 ||    20
  Use: Scroll            |       |     1 ||     1
       Potion            |       |     1 ||     1
  Eat: Ration            |       |     1 ||     1
       Chunk             |       |     1 ||     1
Armor: Animal skin       |     4 |       ||     4
       Leather armour    |     3 |    16 ||    19
       Ring mail         |       |    17 ||    17
Dodge: Dodged            |    23 |    78 ||   101
